 Dungeon Crawl Stone Soup version 0.32-a0-960-g3814254bd7 (webtiles) character file.

Game seed: 5038709569796661889

1317 trashops the Cleaver (level 8, -4/70 HPs)
             Began as a Mountain Dwarf Fighter on Apr 17, 2024.
             Was an Initiate of Okawaru.
             Succumbed to an orc wizard's poison
             ... on level 4 of the Dungeon.
             The game lasted 00:06:35 (3078 turns).

trashops the Cleaver (Mountain Dwarf Fighter)       Turns: 3078, Time: 00:06:36

Health: -4/70      AC: 16    Str: 24    XL:     8   Next: 33%
Magic:  7/7        EV:  3    Int:  9    God:    Okawaru [......]
Gold:   168        SH: 11    Dex:  8    Spells: 7/7 levels left

rFire   . . .        a - +0 war axe
rCold   . . .        k - +0 tower shield
rNeg    . . .        j - +0 plate armour
rPois   .            (no helmet)
rElec   .            (no cloak)
rCorr   .            e - +2 pair of gloves
SInv    .            (no boots)
Will    .....        (no amulet) Stlth
                     (no ring)
HPRegen 0.31/turn    (no ring)
MPRegen 0.10/turn

%: no passive effects
@: lethally poisoned (-4 -> -21)
A: runic magic, artefact enchanting, talons 1, low MP 1, strong 1
a: Renounce Religion


You were on level 4 of the Dungeon.
You worshipped Okawaru.
Okawaru was noncommittal.
You visited 2 branches of the dungeon, and saw 6 of its levels.
You also visited: Sewer.

You collected 168 gold pieces.

Inventory:

Hand Weapons
 a - a +0 war axe (weapon)
Armour
 b - a +0 scale mail
 c - a +0 buckler
 e - a +2 pair of gloves (worn)
 j - a +0 plate armour (worn)
 k - a +0 tower shield (worn)
Jewellery
 f - an amulet of magic regeneration
Wands
 d - a wand of flame (13)
Scrolls
 g - 3 scrolls of teleportation
 h - 2 scrolls of fog
Potions
 i - a potion of brilliance


   Skills:
 * Level 5.6 Fighting
 * Level 8.5 Axes
 * Level 6.6 Armour
 + Level 5.0 Shields


You had 7 spell levels left.
You didn't know any spells.
Your spell library contained the following spells:

 Spells                   Type           Power      Damage    Failure   Level
 Dimensional Bullseye     Hex/Tloc       0%         N/A       100%        4
 Iskenderun's Mystic Bla Conj/Tloc 0%             2d3        (+2d1     100%        4
 Tukima's Dance           Hex            Unusable   N/A       N/A         3

Dungeon Overview and Level Annotations

Branches:
Dungeon (5/15)             Temple (1/1) D:4           Sewer (visited)

Altars:
Cheibriados
Dithmenos
Elyvilon
Fedhas
Gozag
Hepliaklqana
Kikubaaqudgha
Nemelex Xobeh
Okawaru
Qazlal
Sif Muna
Trog
Uskayaw
Vehumet
Wu Jian
Xom
Yredelemnul
Zin
The Shining One


Innate Abilities, Weirdness & Mutations

Your spellcasting is much less encumbered by armour.
You can use scrolls of enchantment on lesser artefacts.
You have sharp toenails.
Your magical capacity is low. (-10% MP)
Your muscles are strong. (Str +4, Int/Dex -1)


Message History

The orc hits you but does no damage.
You are more poisoned.
The orc hits you but does no damage. You block the orc's attack.
You feel very sick.
The orc wizard gestures wildly while chanting.
The orc wizard flickers and vanishes!
Deactivating autopickup; reactivate with Ctrl-A.
The orc attacks as it pursues you! You block the orc's attack.
The orc hits you with a +0 hand axe of distortion.
Space warps around you.
You feel very sick.
You feel very sick.
The orc throws a stone.
You block the stone.
You feel very sick.
Okay, then.
You feel very sick. The orc hits you but does no damage.
You are more poisoned.
You feel very sick. Something hits you but does no damage.
You are more poisoned.
The orc throws a stone.
You block the stone.
You closely miss something. Your kick misses something.
* * * LOW HITPOINT WARNING * * *
You feel very sick.
You hear some strange, mumbled words.
A puff of flame appears from out of thin air!
The puff of flame hits you!
* * * LOW HITPOINT WARNING * * *
You block the orc's attack.
The orc throws a stone.
You block the stone. Something hits you but does no damage.
You block the orc's attack.
You closely miss something.
* * * LOW HITPOINT WARNING * * *
You feel very sick. Something hits you.
* * * LOW HITPOINT WARNING * * *
You are more poisoned.
You block the orc's attack.
You closely miss something. Your kick misses something.
You die...

.... #....#########
#............#
............##
.........?....
#.........##
#########.........##
#..@{o............).
#.###o........)#####
#...............#
#...............#
#.####..........#
### # ######........
... #......... ###
#......... #####
#.........


You could see 2 orcs.

Vanquished Creatures
  Pikel (D:5)
  Grinder (D:4)
  Sigmund (D:3)
  Pargi (Sewer)
  2 lemures (D:5)
  A phantom (D:4)
  A brain worm (Sewer)
  A scorpion (D:5)
  2 orc priests
  A sleepcap (D:4)
  4 adders
  A river rat (D:3)
  2 dart slugs (D:1)
  A ribbon worm (D:4)
  7 orcs
  8 bats
  5 endoplasms
  3 giant cockroaches
  5 goblins
  7 hobgoblins
  6 jackals
  8 kobolds
  8 ball pythons
  7 frilled lizards
  8 rats
92 creatures vanquished.

Notes
Turn   | Place    | Note
-------+----------+-------------------------------------------
     0 | D:1      | trashops the Mountain Dwarf Fighter began the quest for the
                  | Orb.
     0 | D:1      | Reached XP level 1. HP: 19/19 MP: 1/1
   127 | D:1      | Reached XP level 2. HP: 26/26 MP: 2/2
   321 | D:1      | Found a faded altar of an unknown god.
   368 | D:1      | Reached skill level 3 in Axes
   455 | D:1      | Reached XP level 3. HP: 30/33 MP: 3/3
  1238 | D:2      | Gained mutation: Your magical capacity is low. (-10% MP)
                  | [potion of mutation]
  1238 | D:2      | Gained mutation: You have sharp toenails. [potion of
                  | mutation]
  1238 | D:2      | Gained mutation: Your muscles are strong. (Str +4, Int/Dex
                  | -1) [potion of mutation]
  1309 | D:3      | Found a shadowy altar of Dithmenos.
  1454 | D:3      | Found a glowing golden altar of the Shining One.
  1466 | D:3      | Reached XP level 4. HP: 32/40 MP: 3/3
  1486 | D:3      | Found a glowing drain.
  1507 | Sewer    | Entered a sewer
  1508 | Sewer    | Noticed a brain worm
  1517 | Sewer    | Killed a brain worm
  1518 | Sewer    | Reached skill level 4 in Axes
  1518 | Sewer    | Reached XP level 5. HP: 44/46 MP: 2/4
  1592 | Sewer    | Noticed Pargi
  1601 | Sewer    | Killed Pargi
  1602 | Sewer    | Reached skill level 5 in Axes
  1958 | D:3      | Noticed Sigmund
  1971 | D:3      | Killed Sigmund
  1972 | D:3      | Reached skill level 6 in Axes
  1972 | D:3      | Reached XP level 6. HP: 53/53 MP: 5/5
  2261 | D:4      | You fall into a shaft and drop 1 floor!
  2261 | D:5      | Entered Level 5 of the Dungeon
  2273 | D:5      | Noticed Pikel
  2331 | D:5      | Killed Pikel
  2332 | D:5      | Reached skill level 5 in Fighting
  2332 | D:5      | Reached skill level 7 in Axes
  2332 | D:5      | Reached skill level 5 in Armour
  2332 | D:5      | Reached XP level 7. HP: 21/61 MP: 6/6
  2581 | D:4      | Noticed Grinder
  2589 | D:4      | Killed Grinder
  2590 | D:4      | Reached skill level 8 in Axes
  2590 | D:4      | Reached XP level 8. HP: 69/69 MP: 7/7
  2750 | D:4      | Found a staircase to the Ecumenical Temple.
  2755 | Temple   | Entered the Ecumenical Temple
  2828 | Temple   | Became a worshipper of Warmaster Okawaru
  2965 | D:4      | Identified the +4 ring mail of the Telling Gods {Harm rC+}
  2983 | D:4      | Reached skill level 5 in Shields
  3077 | D:4      | HP: 3/70 [poisoned by an orc wizard]
  3077 | D:4      | HP: 1/70 [something (2)]
  3078 | D:4      | Succumbed to an orc wizard's poison

Illustrated notes

Levels and vault maps discovered:
D:1:      minmay_arrival_five_plusses, layout_basic,
          shapermc_ecumenical_altar_notcrosses
D:2:      layout_basic
D:3:      layout_basic, lemuel_crystal_altar, mainiacjoe_overflow_tiny_flanked,
          portal_sewer_entry_a, uniq_sigmund
D:4:      layout_basic, minmay_temple_entry_glassed_door, uniq_grinder
D:5:      layout_loops_ring, serial_shops, nicolae_square_shop, hex_large,
          uniq_pikel
Temple:   minmay_temple_bridge_d

Skill      XL: |  1  2  3  4  5  6  7  8 |
---------------+-------------------------+-----
Axes           | 3 4 6 7 8 |  8.5
Armour         | 4 5 6 |  6.6
Fighting       | 4 5 |  5.6
Shields        | 4 5 |  5.0

Action                     |  1- 3 |  4- 6 |  7- 9 || total
---------------------------+-------+-------+-------++-------
  Melee: War axe           |   139 |   121 |    50 ||   310
         Kick              |    11 |    29 |     6 ||    46
    Use: Potion            |     4 |     5 |       ||     9
         Scroll            |     4 |     2 |       ||     6
 Armour: Scale mail        |   105 |   108 |     7 ||   220
         Plate armour      |       |       |    23 ||    23
  Dodge: Dodged            |    53 |    37 |     9 ||    99
  Block: Buckler           |    30 |       |       ||    30
         Tower shield      |    37 |    75 |    53 ||   165

Table legend: (Time is in decaauts)
 A = Elapsed time spent in this place.
 B = Non-inter-level travel time spent in this place.
 C = Inter-level travel time spent in this place.
 D = Time resting spent in this place.
 E = Time spent auto-exploring this place.
 F = Levels seen in this place.
 G = Mean time per level.
                   A        B        C        D        E       F      G
               +--------+--------+--------+--------+--------+-----+--------+
         Total |   3252 |   3030 |    222 |    379 |   1657 |   7 |  464.6 |
       Dungeon |   2825 |   2737 |     88 |    310 |   1605 |   5 |  565.0 |
        Temple |    144 |     10 |    134 |      0 |      0 |   1 |  144.0 |
         Sewer |    282 |    282 |      0 |     69 |     51 |   1 |  282.0 |
               +--------+--------+--------+--------+--------+-----+--------+

Top non-repeatable levels by time:
     D:3: 689 daAuts
     D:1: 670 daAuts
     D:2: 659 daAuts
     D:4: 499 daAuts
     D:5: 307 daAuts
   Sewer: 282 daAuts
  Temple: 144 daAuts
